Map: 데스오라 - 래더

Players

Bunny

  • Race: Terran Terran
  • Spawn Location: 11:00

Stats - Winner!

  • Race: Protoss Protoss
  • League: Master
  • Spawn Location: 5:00

Event: StayAtHomestory Cup #2

VOD

Have the link to the VOD?

Description

Time

  • Played on: June 12, 2020, 3:39 p.m.
  • Length: 6:39

All games in this series

Show
View Real Time Build Order
Export as new Build Order

Bunny Terran 

Build Orders:  

Get SALT Encoding   

  12  0:00  SCV  
  13  0:12  SCV  
  14  0:17  Supply Depot  
  14  0:25  SCV  
  15  0:39  SCV  
  15  0:40  Barracks  
  16  0:44  Refinery  
  16  0:51  SCV  
  17  1:03  SCV  
  18  1:15  SCV  
  19  1:27  Marine, Orbital Command  
  20  1:48  Command Center  
  20  1:53  Factory  
  20  1:56  SCV  
  21  2:03  Barracks Reactor  
  21  2:06  Supply Depot  
  21  2:09  SCV  
  22  2:16  Refinery  
  22  2:21  SCV  
  23  2:33  SCV  
  24  2:42  Starport  
  24  2:45  SCV  
  24  2:47  Hellion x2  
  29  2:57  SCV  
  30  3:00  Orbital Command  
  30  3:10  Hellion  
  30  3:12  Hellion  
  34  3:14  SCV  
  34  3:18  Medivac  
  37  3:22  Barracks Tech Lab  
  37  3:26  SCV  
  38  3:28  SCV  
  39  3:37  Supply Depot  
  39  3:38  SCV  
  39  3:40  SCV  
  41  3:44  Siege Tank  
  41  3:46  Marine x2  
  46  3:53  Supply Depot  
  46  3:59  SCV x2  
  46  4:01  Barracks  
  46  4:03  Marine  
  46  4:04  Marine  
  46  4:16  Cyclone  
  45  4:26  SCV  
  45  4:27  SCV  
  45  4:29  Supply Depot  
  45  4:30  Marine x2  
  47  4:37  Barracks  
  43  4:39  SCV x2  
  39  4:48  Marine x2  
  39  4:52  Siege Tank  
  44  4:59  Marine  
  44  5:05  Marine  
  44  5:06  Marine  
  47  5:09  SCV x2  
  47  5:11  Medivac  
  51  5:17  Marine  
  51  5:19  Supply Depot  
  52  5:23  Marine x2  
  52  5:24  Marine  
  52  5:26  Cyclone  
  58  5:31  SCV x2  
  58  5:35  Marine  
  60  5:41  Marine x2  
  60  5:42  Marine  
  64  5:47  Medivac  
  66  5:50  Supply Depot  
  66  5:53  Marine  
  67  5:57  SCV x2  
  67  5:59  Marine x2  
  70  6:05  Marine  
  70  6:11  Marine  
  62  6:17  Marine x2  
Show
View Real Time Build Order
Export as new Build Order

Stats Protoss - Winner!

Build Orders: 1 Gate Expand, Oracle Opening 

Get SALT Encoding   

  12  0:01  Probe  
  13  0:13  Probe  
  14  0:17  Pylon  
  14  0:24  Probe  
  15  0:32  Probe  
  15  0:37  Gateway  
  15  0:40  Probe  
  16  0:46  Assimilator  
  17  0:51  Probe  
  18  1:03  Probe  
  19  1:15  Probe  
  20  1:25  Cybernetics Core  
  20  1:34  Nexus  
  20  1:36  Probe  
  21  1:41  Pylon  
  21  1:48  Assimilator  
  21  1:49  Probe  
  21  1:52  Adept  
  22  2:01  Probe  
  22  2:07  Shield Battery  
  22  2:08  Warp Gate  
  25  2:13  Probe  
  25  2:15  Stalker  
  26  2:17  Pylon  
  26  2:28  Probe  
  29  2:40  Probe  
  29  2:42  Stargate  
  29  2:43  Probe  
  31  2:51  Probe  
  31  2:52  Probe  
  33  3:02  Probe  
  33  3:03  Stalker  
  33  3:05  Probe  
  37  3:15  Oracle  
  37  3:19  Probe x2  
  39  3:23  Gateway  
  42  3:31  Probe x2  
  42  3:32  Gateway  
  44  3:38  Shield Battery  
  44  3:43  Probe, Oracle  
  44  3:44  Probe  
  44  3:46  Pylon  
  46  3:55  Assimilator  
  49  3:57  Pylon  
  49  3:58  Probe  
  49  4:01  Probe  
  51  4:10  Probe, Stalker  
  51  4:13  Probe  
  53  4:22  Probe  
  50  4:33  Twilight Council  
  50  4:36  Forge, Probe  
  50  4:37  Probe  
  52  4:49  Probe x2  
  54  4:53  Pylon  
  54  4:54  Stalker x3  
  60  5:02  Probe x2, Pylon  
  62  5:17  Nexus  
  62  5:30  Probe  
  62  5:31  Probe  
  62  5:34  Stalker x2  
  65  5:43  Stalker  
  65  5:45  Shield Battery  
  65  5:49  Gateway  
  67  5:57  Pylon  
  67  5:58  Stalker x2  
  61  6:19  Stalker  
  61  6:22  Stalker x2  
Tags
 
Add a new tag
Caveats
  • Supply blocks, unpowered buildings, or Contaminate may cause inaccurate times.
  • Supply counts are checked every 10 seconds.